 Dungeon Crawl Stone Soup version 0.26-a0-651-gb41185065b (webtiles) character file.

Game seed: 922217507821707553

(classic levelgen) 30175 EnegeticOcto the Cleaver (level 13, -1/121 HPs)
             Began as a Deep Dwarf Fighter on Oct 17, 2020.
             Was a High Priest of Makhleb.
             Slain by a 15-headed hydra (5 damage)
             ... on level 13 of the Dungeon.
             The game lasted 00:06:55 (7554 turns).

EnegeticOcto the Cleaver (Deep Dwarf Fighter)       Turns: 7554, Time: 00:06:55

Health: -1/121     AC: 20    Str: 23    XL:     13   Next: 19%
Magic:  11/11      EV:  4    Int: 15    God:    Makhleb [*****.]
Gold:   1786       SH: 12    Dex: 12    Spells: 12/12 levels left

rFire    . . .     SeeInvis +   a - +1 broad axe of the Crushing Firefly {protect, *Corrode +Inv rPois Int+4}
rCold    . . .     Faith    .   c - +0 kite shield
rNeg     . . .     Spirit   .   s - +0 crystal plate armour
rPois    +         Reflect  .   k - +1 helmet
rElec    .         Harm     .   (no cloak)
rCorr    .         Rampage  .   p - +2 pair of gloves
MR       +....                  x - +0 pair of boots
Stlth    ..........             (no amulet)
HPRegen  0.00/turn              B - ring of see invisible
MPRegen  0.12/turn              (no ring)

@: corroded, non-regenerating
A: damage resistance, heal wounds, sense surroundings 2, no regeneration
a: Heal Wounds, Minor Destruction, Lesser Servant of Makhleb, Major Destruction,
Greater Servant of Makhleb, Renounce Religion, Evoke Invisibility


You were on level 13 of the Dungeon.
You worshipped Makhleb.
Makhleb was extremely pleased with you.
You visited 2 branches of the dungeon, and saw 14 of its levels.
You visited the Abyss 1 time.
You also visited: Ossuary and Bailey.

You collected 1786 gold pieces.

Inventory:

Hand Weapons
 a - the +1 broad axe of the Crushing Firefly (weapon) {protect, *Corrode +Inv rPois Int+4}
   (You found it in a bailey)

   It grants its wielder temporary protection when it strikes (+7 to AC).
   It affects your intelligence (+4).
   It protects you from poison.
   It lets you turn invisible.
   It may corrode you when you take damage.
 u - a +1 war axe
 E - a +0 dagger of distortion
 G - a -1 broad axe
Missiles
 m - 11 throwing nets (quivered)
Armour
 c - a +0 kite shield (worn)
 k - a +1 helmet (worn)
 p - a +2 pair of gloves (worn)
 s - a +0 crystal plate armour (worn)
 x - a +0 pair of boots (worn)
Jewellery
 w - the ring of Liberty {Fire rN+ Dex+6}
   (You found it on level 9 of the Dungeon)

   [ring of fire]

   It enhances your fire magic.
   It affects your dexterity (+6).
   It protects you from fire.
   It makes you vulnerable to cold.
   It protects you from negative energy.
 B - a ring of see invisible (left hand)
 F - an uncursed ring of protection from magic
Wands
 l - a wand of digging (6) {@v3}
 y - a wand of paralysis (6)
 C - a wand of disintegration (9)
 D - a wand of acid (8) {@v1}
Scrolls
 f - 3 scrolls of remove curse {@r2}
 g - 3 scrolls of identify {@r1}
 i - 11 scrolls of teleportation {@r3}
 n - 3 scrolls of blinking
 o - a scroll of immolation {@r4}
 v - a scroll of fear
 z - a scroll of enchant armour
 A - a scroll of magic mapping {@r5}
 H - a scroll of amnesia {unknown}
Potions
 b - a potion of curing {@q1}
 d - 2 potions of might {@q3}
 e - 2 potions of mutation
 h - 4 potions of magic
 j - 2 potions of heal wounds {@q2}
 q - a potion of cancellation
 r - 2 potions of haste {@q4}
 t - 2 potions of resistance {@q5}
 I - a potion of ambrosia {unknown}


   Skills:
 + Level 9.1 Fighting
 * Level 14.2 Axes
 + Level 10.7 Armour
 + Level 10.7 Shields
 + Level 11.5 Invocations


You had 12 spell levels left.
You didn't know any spells.
Your spell library was empty.

Dungeon Overview and Level Annotations

Branches:
Dungeon (13/15)            Temple (1/1) D:4            Lair (0/6) D:8
    Orc (0/2) D:11        Ossuary (visited)          Bailey (visited)
 Vaults: D:13-14

Altars:
Ashenzari
Dithmenos
Elyvilon
Fedhas
Gozag
Hepliaklqana
Kikubaaqudgha
Makhleb
Nemelex Xobeh
Okawaru
Qazlal
Ru
Trog
Vehumet
Wu Jian
Xom
Yredelemnul
Zin

Shops:
D:11 ([   D:13 *

Portals:
Trove: D:11 (give +5 demon blade)

Annotations:
D:8 1 runed translucent door, Lanoc's ghost, novice TrEE


Innate Abilities, Weirdness & Mutations

You are resistant to damage.
You can heal yourself by infusing magical energy.
You passively map the area around you.
You do not regenerate.


Message History

You block the 14-headed hydra's attack.
The 14-headed hydra bites you but does no damage. x2
Your magical essence is drained by the effort!
You feel much better.
The 14-headed hydra bites you but does no damage.
You block the 14-headed hydra's attack.
The 14-headed hydra bites you but does no damage.
You block the 14-headed hydra's attack. x2; The 14-headed hydra bites you.
The 14-headed hydra bites you but does no damage.
You block the 14-headed hydra's attack.
The 14-headed hydra bites you but does no damage.
The 14-headed hydra barely misses you. The 14-headed hydra bites you.
The 14-headed hydra barely misses you.
The 14-headed hydra bites you but does no damage. x2
You hack one of the 14-headed hydra's heads off!
The 13-headed hydra grows two more!
You hit the 15-headed hydra.
The 15-headed hydra is heavily wounded.
The 15-headed hydra bites you but does no damage.
The 15-headed hydra bites you. The 15-headed hydra closely misses you.
You block the 15-headed hydra's attack. The 15-headed hydra barely misses you.
You block the 15-headed hydra's attack. The 15-headed hydra bites you.
The 15-headed hydra barely misses you. You block the 15-headed hydra's attack.
The 15-headed hydra bites you. x2
The 15-headed hydra bites you but does no damage. x4
A 15-headed hydra is nearby!
A 15-headed hydra is nearby!
A 15-headed hydra is nearby!
A 15-headed hydra is nearby!
A 15-headed hydra is nearby!
A 15-headed hydra is nearby!
The 15-headed hydra bites you but does no damage. x3
The 15-headed hydra bites you!
The 15-headed hydra bites you but does no damage. x2
You block the 15-headed hydra's attack.
The 15-headed hydra bites you but does no damage.
The 15-headed hydra bites you. The 15-headed hydra barely misses you.
You block the 15-headed hydra's attack. The 15-headed hydra bites you!
* * * LOW HITPOINT WARNING * * *
The 15-headed hydra bites you but does no damage. x3
The 15-headed hydra bites you!
* * * LOW HITPOINT WARNING * * *
The 15-headed hydra bites you but does no damage.
The 15-headed hydra barely misses you.
The 15-headed hydra bites you but does no damage.
You block the 15-headed hydra's attack.
The 15-headed hydra bites you but does no damage. x2
The 15-headed hydra bites you.
* * * LOW HITPOINT WARNING * * *
The 15-headed hydra bites you but does no damage. x2
The 15-headed hydra bites you.
* * * LOW HITPOINT WARNING * * *
Your corrosive artefact corrodes you!
The 15-headed hydra bites you but does no damage.
You block the 15-headed hydra's attack.
The 15-headed hydra bites you but does no damage. x2
The 15-headed hydra bites you but does no damage.
You block the 15-headed hydra's attack. x2; The 15-headed hydra bites you.
You block the 15-headed hydra's attack.
The 15-headed hydra bites you but does no damage.
The 15-headed hydra barely misses you. The 15-headed hydra bites you.
* * * LOW HITPOINT WARNING * * *
You block the 15-headed hydra's attack.
The 15-headed hydra bites you but does no damage.
The 15-headed hydra barely misses you. The 15-headed hydra bites you. x2
* * * LOW HITPOINT WARNING * * *
The 15-headed hydra bites you but does no damage. x2
The 15-headed hydra bites you. x2
* * * LOW HITPOINT WARNING * * *
You block the 15-headed hydra's attack.
The 15-headed hydra bites you but does no damage. x2
You block the 15-headed hydra's attack. x2
The 15-headed hydra completely misses you.
The 15-headed hydra bites you but does no damage. x2
The 15-headed hydra bites you.
* * * LOW HITPOINT WARNING * * *
The 15-headed hydra bites you but does no damage. x2
The 15-headed hydra bites you.
The 15-headed hydra bites you but does no damage.
The 15-headed hydra completely misses you.
The 15-headed hydra bites you but does no damage.
You block the 15-headed hydra's attack. x3
The 15-headed hydra bites you but does no damage.
The 15-headed hydra barely misses you. The 15-headed hydra bites you.
* * * LOW HITPOINT WARNING * * *
The 15-headed hydra bites you!
* * * LOW HITPOINT WARNING * * *
The 15-headed hydra bites you but does no damage. x6
You block the 15-headed hydra's attack. x3
The 15-headed hydra bites you but does no damage.
The 15-headed hydra bites you.
The 15-headed hydra bites you but does no damage. x6
You block the 15-headed hydra's attack.
The 15-headed hydra bites you but does no damage.
The 15-headed hydra barely misses you.
The 15-headed hydra bites you but does no damage.
The 15-headed hydra bites you but does no damage. x4
You block the 15-headed hydra's attack.
The 15-headed hydra bites you but does no damage.
You block the 15-headed hydra's attack. The 15-headed hydra bites you!
You die...

##########
#......D.#####
#..((.@(.....#
#..########..# #..+
, #..# #..# , , ,
######..# , , , , ,
........########.,
,* ,
..................
,
,.........(........
, +


You could see a 15-headed hydra.

Vanquished Creatures
  A tentacled starspawn (Abyss:1)
  An orc warlord (D:12)
  An eidolon (Abyss:1)
  An ogre mage (D:12)
  A great orb of eyes (Abyss:1)
  2 centaur warriors (D:13)
  Sonja (D:12)
  2 large abominations (Abyss:1)
  2 unseen horrors
  A wizard (D:12)
  3 ugly things (D:12)
  2 orc sorcerers (D:12)
  A deep elf mage (D:13)
  A cyclops (D:13)
  A manticore (D:12)
  A gargoyle (D:11)
  5 centaur skeletons
  2 tengu conjurers (D:13)
  7 trolls
  A queen bee (D:9)
  A hornet (D:9)
  A queen bee (shapeshifter) (Abyss:1)
  A tyrant leech (D:13)
  3 hippogriffs
  A small abomination (Abyss:1)
  2 vampires
  A basilisk (D:12)
  A shadow (D:12)
  3 wraiths
  13 yaks
  2 wyverns
  2 wargs (D:12)
  A vampire mosquito (D:13)
  Edmund (D:4)
  2 acid dragons
  2 water moccasins
  5 orc warriors
  5 sky beasts
  A necrophage (D:12)
  3 ice beasts
  A phantom (D:5)
  4 ogres
  7 centaurs
  2 crocodiles
  A big kobold (D:13)
  5 bullfrogs
  8 gnoll sergeants (Bailey)
  3 scorpions
  16 killer bees (D:9)
  7 wights
  2 howler monkeys
  A bullfrog zombie (D:4)
  4 starcursed masses (Abyss:1)
  2 centaur zombies
  A human zombie (Ossuary)
  A jelly (D:8)
  7 orc priests
  6 gnoll shamans (Bailey)
  8 hounds
  11 orc wizards
  2 iron imps (Abyss:1)
  4 iguanas
  Ijyb (D:4)
  10 worker ants
  A killer bee zombie (D:8)
  2 big kobold zombies (Ossuary)
  2 hound zombies (Ossuary)
  4 mummies (Ossuary)
  A howler monkey zombie (D:6)
  Robin (D:2)
  3 worker ant zombies
  14 gnolls (Bailey)
  A howler monkey skeleton (D:4)
  4 adders
  4 shadow imps
  5 white imps
  4 ufetubi
  2 oozes
  4 worms
  5 leopard geckos
  48 orcs
  19 goblins
  6 hobgoblins
  9 jackals
  A quokka (D:10)
  3 bats
  4 frilled lizards
  2 gnoll zombies (Ossuary)
  A jackal skeleton (D:4)
  3 jackal zombies (Ossuary)
  9 kobolds
  2 kobold zombies (Ossuary)
  A leopard gecko skeleton (D:7)
  A leopard gecko zombie (D:6)
  3 quokka skeletons
  3 rats
374 creatures vanquished.

Vanquished Creatures (collateral kills)
  A shadow dragon (D:12)
  A deep elf mage (D:12)
2 creatures vanquished.

Vanquished Creatures (others)
  An iguana (D:12)
  5 plants (D:9)
  2 starspawn tentacles (Abyss:1)
8 creatures vanquished.

Grand Total: 384 creatures vanquished

Notes
Turn   | Place    | Note
-------+----------+-------------------------------------------
     0 | D:1      | EnegeticOcto the Deep Dwarf Fighter began the quest for the
                  | Orb.
     0 | D:1      | Reached XP level 1. HP: 20/20 MP: 1/1
   315 | D:2      | Found a sparkling altar of Nemelex Xobeh.
   334 | D:2      | Reached XP level 2. HP: 24/27 MP: 2/2
   502 | D:2      | Noticed Robin
   511 | D:2      | Reached skill level 3 in Axes
   513 | D:2      | Reached XP level 3. HP: 13/33 MP: 3/3
   516 | D:2      | Killed Robin
   614 | D:3      | Found an ornate altar of the Wu Jian Council.
   635 | D:3      | Noticed an ice beast
   657 | D:3      | Killed an ice beast
   657 | D:3      | Reached skill level 4 in Axes
   657 | D:3      | Reached XP level 4. HP: 25/42 MP: 3/3
   657 | D:3      | Reached XP level 5. HP: 29/49 MP: 4/4
   700 | D:4      | Found a staircase to the Ecumenical Temple.
   744 | D:4      | Noticed Edmund
   767 | D:4      | Killed Edmund
   767 | D:4      | Reached XP level 6. HP: 27/56 MP: 5/5
   799 | Temple   | Entered the Ecumenical Temple
   806 | Temple   | Became a worshipper of Makhleb the Destroyer
   820 | D:4      | Noticed Ijyb
   845 | D:4      | Killed Ijyb
   847 | D:4      | Reached skill level 5 in Axes
   849 | D:4      | Reached skill level 1 in Invocations
  1094 | D:4      | Found a sand-covered staircase.
  1098 | Ossuary  | Entered an ossuary
  1107 | Ossuary  | Reached XP level 7. HP: 35/64 MP: 5/5
  1108 | Ossuary  | Reached * piety under Makhleb
  1418 | D:5      | Entered Level 5 of the Dungeon
  1418 | D:5      | Found a basalt altar of Yredelemnul.
  1426 | D:5      | Reached skill level 5 in Armour
  1433 | D:5      | Reached skill level 5 in Shields
  1439 | D:5      | Found a bloodstained altar of Trog.
  1457 | D:5      | Reached skill level 6 in Axes
  1499 | D:5      | Reached ** piety under Makhleb
  1855 | D:6      | Reached XP level 8. HP: 69/73 MP: 7/7
  2124 | D:6      | Reached skill level 7 in Axes
  2205 | D:7      | Reached skill level 5 in Fighting
  2213 | D:7      | Reached skill level 8 in Axes
  2213 | D:7      | Reached skill level 5 in Invocations
  2215 | D:7      | Gained mutation: You passively map the area around you.
                  | [Deep Dwarf growth]
  2215 | D:7      | Reached XP level 9. HP: 77/81 MP: 7/7
  2381 | D:7      | Reached *** piety under Makhleb
  2541 | D:8      | Found a runed translucent door.
  2542 | D:8      | Noticed Lanoc's ghost (novice TrEE)
  2542 | D:8      | Noticed an ogre mage
  2586 | D:8      | Found a flagged portal.
  2602 | Bailey   | Entered a bailey
  2709 | Bailey   | Reached skill level 9 in Axes
  2945 | Bailey   | Got a steaming broad axe
  2945 | Bailey   | Identified the +1 broad axe of the Crushing Firefly
                  | {protect, *Corrode +Inv rPois Int+4} (You found it in a
                  | bailey)
  3239 | D:8      | Found a broken altar of Ashenzari.
  3254 | D:8      | Found a staircase to the Lair.
  3260 | D:8      | Reached **** piety under Makhleb
  3322 | D:8      | Reached XP level 10. HP: 91/91 MP: 10/10
  4015 | D:9      | Reached skill level 10 in Axes
  4370 | D:9      | Reached ***** piety under Makhleb
  4414 | D:9      | Found a sacrificial altar of Ru.
  4424 | D:9      | Found a shimmering altar of Xom.
  4424 | D:9      | Found a white marble altar of Elyvilon.
  4424 | D:9      | Found a sparkling altar of Nemelex Xobeh.
  4425 | D:9      | Found an iron altar of Okawaru.
  4427 | D:9      | Found a stormy altar of Qazlal.
  4518 | D:9      | Reached skill level 11 in Axes
  4529 | D:9      | Got a twitching lapis lazuli ring
  4638 | D:9      | Identified the ring of Liberty {Fire rN+ Dex+6} (You found
                  | it on level 9 of the Dungeon)
  4646 | D:10     | Entered Level 10 of the Dungeon
  4874 | D:10     | Reached XP level 11. HP: 100/100 MP: 10/10
  5301 | D:11     | Killed an unseen horror
  5502 | D:11     | Found Nodgh's Weapon Emporium.
  5502 | D:11     | Found a staircase to the Orcish Mines.
  5525 | D:11     | Found Akhlut's Armour Emporium.
  5832 | D:11     | Found a portal to a secret trove of treasure.
  5941 | D:12     | Noticed an orc warlord
  5941 | D:12     | Noticed an orc sorcerer
  5941 | D:12     | Noticed an orc sorcerer
  5948 | D:12     | Noticed a sixfirhy
  5949 | D:12     | Noticed a sixfirhy
  5950 | D:12     | Noticed a soul eater
  5956 | D:12     | Killed an orc sorcerer
  5956 | D:12     | Killed an orc sorcerer
  5956 | D:12     | Killed an orc warlord
  5956 | D:12     | Reached skill level 12 in Axes
  6004 | D:12     | Noticed a green ugly thing
  6004 | D:12     | Noticed a purple ugly thing
  6029 | D:12     | Killed a cyan ugly thing
  6039 | D:12     | Killed a cyan ugly thing
  6066 | D:12     | Noticed a wizard
  6078 | D:12     | Killed a wizard
  6083 | D:12     | Reached skill level 10 in Invocations
  6083 | D:12     | Reached XP level 12. HP: 110/110 MP: 12/12
  6142 | D:12     | Noticed Sonja
  6143 | D:12     | Cast into level 1 of the Abyss (Sonja)
  6153 | Abyss:1  | Found a corrupted altar of Lugonu.
  6153 | Abyss:1  | Noticed a tentacled starspawn
  6163 | Abyss:1  | Killed a tentacled starspawn
  6301 | Abyss:1  | Reached skill level 13 in Axes
  6323 | Abyss:1  | Noticed an eidolon
  6348 | Abyss:1  | Killed an eidolon
  6348 | Abyss:1  | Reached skill level 10 in Armour
  6360 | Abyss:1  | Noticed a starcursed mass
  6363 | Abyss:1  | Noticed a great orb of eyes
  6369 | Abyss:1  | Paralysed by a great orb of eyes for 7 turns
  6383 | Abyss:1  | Paralysed by accursed screaming for 1 turns
  6388 | Abyss:1  | Paralysed by accursed screaming for 1 turns
  6401 | Abyss:1  | Killed a great orb of eyes
  6403 | Abyss:1  | Noticed a tentacled starspawn
  6404 | Abyss:1  | Killed a starcursed mass
  6404 | Abyss:1  | Reached skill level 10 in Shields
  6406 | D:12     | Escaped the Abyss
  6412 | D:12     | Killed Sonja
  6478 | D:12     | Noticed an ogre mage
  6511 | D:12     | Paralysed by an ogre mage for 2 turns
  6514 | D:12     | Killed an ogre mage
  6614 | D:12     | Noticed a shadow dragon
  6634 | D:12     | Killed a shadow dragon
  7243 | D:13     | Found Ethunan's General Store.
  7266 | D:13     | Noticed a centaur warrior
  7300 | D:13     | Killed a centaur warrior
  7360 | D:13     | Reached XP level 13. HP: 105/120 MP: 12/12
  7439 | D:13     | Reached skill level 14 in Axes
  7552 | D:13     | HP: 4/121 [15-headed hydra (8)]
  7554 | D:13     | Slain by a 15-headed hydra

Illustrated notes

Levels and vault maps discovered:
D:1:      eino_arrival_water_cross, layout_loops_ring, glass_columns_b,
          hangedman_decor_clover_reticule
D:2:      layout_basic, led_sif_pool, lemuel_doored_altar,
          nemelex_xobeh_ov_fountains_minmay, uniq_crazy_yiuf_cottage,
          uniq_jessica, uniq_robin
D:3:      layout_rooms, old_standard_altar, uniq_grinder
D:4:      minmay_bubble_buster, layout_rooms, temple_statues, enter_ossuary_5,
          uniq_edmund, uniq_ijyb
D:5:      layout_rooms, grunt_temple_overflow_open
D:6:      layout_rooms
D:7:      layout_rooms
D:8:      layout_basic, cheibrodos_ashenzari_chains, lair_entry_dummy,
          ebering_ghost_inner_flame, enter_bailey_3, kb_rosetta
D:9:      layout_rooms, minitemple, serial_glass, glass_columns_a,
          glass_columns_b, minmay_misc_feat_doors, nicolae_looking_at_the_future
D:10:     layout_irregular_city
D:11:     layout_irregular_city, orc_david_3, enter_trove_6,
          serial_column_ruins, column_ruins_square_large,
          column_ruins_hut_ruined, column_ruins_grid_2,
          column_ruins_columns_dead_end, column_ruins_open_medium,
          column_ruins_corridor_dead_end, column_ruins_grid_2,
          column_ruins_open_tiny, kennysheep_generic_room_9
D:12:     minmay_the_grid_net [minmay_the_grid_tree, minmay_the_grid_eight,
          minmay_the_grid_armoury, minmay_the_grid_minigrid_small_alt,
          minmay_the_grid_slots, minmay_the_grid_prize_inner_circle],
          layout_cave_pods, grunt_decor_one_mirror, uniq_sonja
D:13:     layout_irregular_city, david_vaults_1, serial_shops, shop,
          minmay_guarded_unrand_vampires_tooth, uniq_erolcha
Temple:   eino_temple_lava

Skill      XL: |  1  2  3  4  5  6  7  8  9 10 11 12 13 |
---------------+----------------------------------------+-----
Axes           | 3 4 5 6 8 9 11 12 13 14 | 14.2
Fighting       | 3 4 5 6 7 8 9 |  9.1
Armour         | 4 5 6 7 8 9 10 | 10.7
Shields        | 4 5 6 7 8 9 10 | 10.7
Invocations    | 1 3 5 6 8 10 11 | 11.5

Action                   |  1- 3 |  4- 6 |  7- 9 | 10-12 | 13-15 || total
-------------------------+-------+-------+-------+-------+-------++-------
Melee: War axe           |    93 |   108 |   457 |       |       ||   658
       Broad axe         |       |       |    41 |   749 |    96 ||   886
Invok: Lesser Servant of |       |       |       |     2 |       ||     2
 Abil: Heal Wounds       |     1 |     7 |    11 |    21 |     1 ||    41
Evoke: Wand              |       |       |       |     2 |       ||     2
  Use: Scroll            |       |     6 |    12 |     7 |       ||    25
 Stab: Paralysed         |       |       |       |     4 |       ||     4
Armor: Scale mail        |    61 |    12 |       |       |       ||    73
       Chain mail        |       |    53 |   290 |       |       ||   343
       Crystal plate arm |       |       |   188 |   953 |   216 ||  1357
Dodge: Dodged            |    38 |    33 |   146 |   105 |    41 ||   363
Block: Kite shield       |    63 |    75 |   430 |   646 |   150 ||  1364

Table legend: (Time is in decaauts)
 A = Elapsed time spent in this place.
 B = Non-inter-level travel time spent in this place.
 C = Inter-level travel time spent in this place.
 D = Time resting spent in this place.
 E = Time spent auto-exploring this place.
 F = Levels seen in this place.
 G = Mean time per level.
                   A        B        C        D        E       F      G
               +--------+--------+--------+--------+--------+-----+--------+
         Total |   7802 |   7439 |    363 |      0 |   4634 |  17 |  458.9 |
       Dungeon |   6747 |   6391 |    356 |      0 |   4186 |  13 |  519.0 |
        Temple |     14 |      8 |      6 |      0 |      0 |   1 |   14.0 |
         Abyss |    277 |    277 |      0 |      0 |    102 |   1 |  277.0 |
       Ossuary |    201 |    201 |      0 |      0 |     93 |   1 |  201.0 |
        Bailey |    561 |    561 |      0 |      0 |    253 |   1 |  561.0 |
               +--------+--------+--------+--------+--------+-----+--------+

Top non-repeatable levels by time:
    D:12: 1039 daAuts
     D:8: 941 daAuts
    D:11: 710 daAuts
     D:9: 671 daAuts
    D:10: 581 daAuts
  Bailey: 561 daAuts
     D:4: 542 daAuts
     D:5: 408 daAuts
     D:6: 379 daAuts
     D:7: 377 daAuts
    D:13: 342 daAuts
     D:1: 316 daAuts
 Abyss:1: 277 daAuts
     D:2: 257 daAuts
 Ossuary: 201 daAuts
